Map: Кислотный завод РВ

Players

TopSpecnaz - Winner!

  • Race: Protoss Protoss
  • League: Master
  • Spawn Location: 5:00

Fuz

  • Race: Protoss Protoss
  • Spawn Location: 11:00

VOD

Have the link to the VOD?

Description

Time

  • Played on: Jan. 26, 2018, 4:03 a.m.
  • Length: 5:33
Show
View Real Time Build Order
Export as new Build Order

TopSpecnaz Protoss - Winner!

Build Orders: Blink Stalkers 

Get SALT Encoding   

  12  0:01  Probe  
  13  0:13  Probe  
  14  0:19  Pylon  
  14  0:25  Probe  
  15  0:38  Gateway  
  15  0:39  Probe (Chrono Boost)  
  16  0:49  Probe (Chrono Boost)  
  17  0:50  Assimilator  
  17  0:54  Probe (Chrono Boost)  
  18  1:06  Probe, Pylon  
  19  1:13  Assimilator  
  19  1:18  Probe  
  20  1:27  Cybernetics Core  
  20  1:30  Probe  
  21  1:38  Gateway  
  21  1:42  Probe  
  21  1:44  Pylon  
  22  1:55  Probe  
  22  2:00  Stalker (Chrono Boost)  
  23  2:01  Warp Gate (Chrono Boost)  
  25  2:14  Twilight Council  
  25  2:27  Stalker  
  27  2:33  Pylon  
  27  2:45  Gateway  
  27  2:47  Blink (Chrono Boost)  
  27  3:05  Gateway  
  29  3:15  Sentry, Stalker  
  31  3:21  Pylon  
  31  3:32  Stalker  
  33  3:44  Pylon  
  33  3:56  Stalker  
  33  3:57  Stalker  
  33  4:02  Stalker  
  39  4:14  Stalker  
  41  4:20  Stalker  
  43  4:26  Stalker  
  45  4:34  Stalker  
  47  4:43  Stalker  
  49  4:54  Stalker  
  51  5:01  Stalker  
  51  5:11  Stalker  
  49  5:25  Stalker x2  
Show
View Real Time Build Order
Export as new Build Order

Fuz Protoss 

Build Orders:  

Get SALT Encoding   

  12  0:00  Probe  
  13  0:12  Probe  
  14  0:17  Pylon  
  14  0:25  Probe (Chrono Boost)  
  15  0:37  Probe (Chrono Boost)  
  15  0:38  Gateway  
  16  0:44  Probe (Chrono Boost)  
  17  0:51  Probe  
  17  0:53  Assimilator  
  18  0:57  Assimilator  
  18  1:03  Probe  
  19  1:27  Cybernetics Core  
  19  1:28  Probe (Chrono Boost)  
  21  1:40  Probe (Chrono Boost)  
  21  1:45  Probe (Chrono Boost)  
  22  1:49  Pylon  
  22  1:55  Probe  
  23  2:07  Nexus  
  23  2:09  Stalker (Chrono Boost)  
  23  2:10  Warp Gate (Chrono Boost)  
  24  2:30  Pylon  
  24  2:31  Stalker (Chrono Boost)  
  26  2:46  Robotics Facility  
  26  2:52  Shield Battery  
  26  2:54  Probe  
  27  3:03  Stalker  
  29  3:08  Probe  
  30  3:16  Shield Battery  
  30  3:19  Probe  
  31  3:27  Shield Battery  
  31  3:31  Probe  
  32  3:35  Probe  
  32  3:38  Observer  
  34  3:43  Probe  
  34  3:47  Probe  
  36  3:49  Gateway  
  36  3:55  Probe  
  37  4:03  Immortal  
  41  4:12  Gateway  
  41  4:13  Probe (Chrono Boost)  
  41  4:15  Probe (Chrono Boost)  
  43  4:19  Sentry  
  46  4:25  Probe (Chrono Boost)  
  46  4:27  Probe (Chrono Boost)  
  47  4:31  Pylon  
  47  4:32  Probe (Chrono Boost)  
  47  4:34  Probe (Chrono Boost)  
  49  4:39  Probe  
  54  4:49  Probe  
  55  4:52  Twilight Council  
  55  4:58  Assimilator  
  55  5:02  Zealot  
  45  5:18  Stalker x2  
Tags
 
Add a new tag
Caveats
  • Supply blocks, unpowered buildings, or Contaminate may cause inaccurate times.
  • Supply counts are checked every 10 seconds.